Map: Old Sun Temple LE

Players

GhostRobo

  • Race: Terran Terran
  • Spawn Location: 5:00

A.I. 1 (Elite) - Winner!

  • Race: Protoss Protoss
  • Spawn Location: 11:00

VOD

Have the link to the VOD?

Description

Time

  • Played on: July 3, 2026, 12:47 p.m.
  • Length: 10:52
Show
View Real Time Build Order
Export as new Build Order

GhostRobo Terran 

Build Orders: Reaper Expand 

Get SALT Encoding   

  8  0:00  SCV  
  9  0:12  SCV  
  10  0:25  SCV  
  11  0:29  Supply Depot  
  11  0:37  SCV  
  12  0:49  SCV  
  13  0:56  Barracks  
  13  1:06  Refinery  
  13  1:07  SCV  
  14  1:23  SCV  
  15  1:35  SCV  
  16  1:50  Reaper  
  16  1:51  Orbital Command  
  17  2:13  Command Center  
  17  2:19  SCV  
  18  2:23  Marine  
  19  2:32  SCV  
  20  2:39  Supply Depot  
  20  2:44  SCV  
  21  2:57  Factory  
  21  3:00  SCV  
  22  3:12  SCV  
  23  3:16  Barracks Reactor  
  23  3:24  SCV  
  24  3:36  SCV  
  25  3:42  Factory Tech Lab  
  25  3:47  Orbital Command  
  25  3:49  SCV  
  25  3:52  Marine x2  
  28  4:01  SCV  
  29  4:09  Refinery, Siege Tank  
  32  4:10  Marine x2  
  32  4:13  SCV  
  34  4:20  Supply Depot  
  34  4:21  SCV, Supply Depot  
  35  4:25  SCV  
  36  4:32  Starport, Marine  
  36  4:33  Marine, SCV  
  39  4:39  SCV  
  39  4:45  SCV  
  41  4:51  SCV  
  42  4:55  Supply Depot  
  42  4:57  SCV  
  43  5:03  SCV  
  43  5:06  Marine  
  45  5:09  SCV  
  45  5:10  Starport Reactor  
  45  5:12  Command Center  
  45  5:13  Medivac  
  48  5:15  SCV  
  49  5:21  SCV  
  49  5:25  Marine x2  
  49  5:27  SCV  
  53  5:33  Barracks, SCV  
  54  5:37  Barracks  
  54  5:39  SCV, Supply Depot  
  55  5:45  SCV  
  56  5:51  SCV  
  57  5:57  SCV  
  57  6:01  Engineering Bay  
  57  6:02  Engineering Bay  
  57  6:04  SCV  
  59  6:09  SCV  
  60  6:13  Refinery  
  60  6:16  SCV  
  61  6:18  Refinery  
  61  6:20  Barracks Tech Lab  
  61  6:22  SCV  
  61  6:23  Barracks Tech Lab  
  62  6:28  SCV  
  62  6:29  Supply Depot  
  62  6:31  Supply Depot  
  63  6:32  Orbital Command  
  63  6:34  SCV  
  64  6:40  SCV  
  64  6:41  Marauder x2  
  64  6:43  Stimpack, Combat Shield  
  64  6:46  SCV  
  70  6:47  Marine x2  
  70  6:52  SCV  
  70  6:53  Supply Depot  
  73  6:58  Starport Reactor, SCV  
  73  7:01  SCV  
  75  7:02  Marauder  
  75  7:03  Marauder  
  75  7:04  SCV  
  75  7:08  Siege Tank  
  83  7:10  SCV  
  83  7:13  SCV  
  85  7:16  SCV  
  85  7:22  SCV, Terran Infantry Weapons Level 1  
  87  7:23  Terran Infantry Armor Level 1  
  87  7:24  Marauder x2  
  87  7:25  SCV  
  87  7:28  SCV  
  93  7:34  SCV  
  94  7:37  SCV  
  94  7:40  SCV  
  96  7:45  Marauder, Refinery  
  96  7:46  Marauder, Refinery, SCV  
  96  7:47  Marine x2, Siege Tank  
  96  7:49  SCV  
  96  7:50  Medivac  
  109  7:52  SCV  
  109  7:55  Barracks  
  109  7:58  Barracks, SCV  
  111  8:14  Supply Depot  
  111  8:15  Supply Depot  
  111  8:17  Supply Depot  
  111  8:27  Supply Depot  
  111  8:31  Armory  
  111  8:35  SCV x3  
  111  8:36  Marauder x2, Siege Tank  
  111  8:38  Medivac  
  123  8:45  Barracks Tech Lab x2  
  123  8:47  SCV x3  
  126  8:50  Supply Depot  
  126  8:57  Marauder x2  
  129  9:08  Siege Tank  
  132  9:13  Supply Depot  
  123  9:18  Marauder x2  
  108  9:28  Marauder x2  
  108  9:40  Marauder x2, Siege Tank  
  109  9:49  Marauder  
  109  9:50  Marauder  
  98  9:53  Marine x2  
  97  10:01  Marauder x2  
  97  10:08  Medivac x2  
  97  10:11  Marine x2, Marauder x2  
  97  10:13  Siege Tank  
  100  10:23  Marauder x2  
  90  10:28  Marine  
  90  10:29  Marine  
Show
View Real Time Build Order
Export as new Build Order

A.I. 1 (Elite) Protoss - Winner!

Build Orders: Zealot Archon 

Get SALT Encoding   

  8  0:00  Probe  
  9  0:13  Probe  
  10  0:25  Probe  
  11  0:37  Probe  
  12  0:47  Pylon  
  12  0:49  Probe  
  13  1:01  Probe  
  13  1:09  Probe, Gateway  
  15  1:18  Assimilator  
  15  1:19  Probe  
  16  1:31  Probe  
  17  1:34  Pylon  
  17  1:43  Probe  
  18  1:54  Zealot  
  18  1:55  Probe  
  18  1:59  Cybernetics Core  
  19  2:07  Probe  
  22  2:16  Gateway  
  22  2:19  Probe  
  23  2:27  Pylon  
  23  2:31  Probe  
  23  2:33  Warp Gate  
  23  2:37  Zealot  
  26  2:43  Probe  
  27  2:52  Assimilator  
  27  2:55  Probe  
  28  3:03  Adept  
  30  3:07  Adept  
  30  3:08  Probe  
  33  3:20  Probe  
  34  3:32  Probe  
  35  3:43  Nexus  
  35  3:47  Stalker  
  37  3:55  Pylon  
  37  4:09  Probe  
  38  4:18  Probe  
  38  4:22  Robotics Facility  
  39  4:27  Adept, Probe  
  42  4:40  Probe  
  43  4:49  Probe  
  44  4:55  Adept, Probe  
  44  4:57  Probe  
  47  5:04  Adept  
  47  5:06  Probe  
  50  5:07  Probe  
  52  5:17  Adept  
  52  5:18  Probe  
  52  5:19  Probe  
  56  5:22  Robotics Bay  
  56  5:26  Pylon  
  56  5:30  Probe  
  56  5:31  Probe  
  58  5:36  Robotics Facility  
  58  5:43  Pylon  
  58  5:44  Observer, Probe x2  
  58  5:47  Twilight Council  
  61  5:50  Stalker  
  61  5:53  Probe  
  64  6:04  Pylon  
  64  6:12  Assimilator  
  64  6:13  Probe  
  64  6:14  Probe  
  64  6:15  Assimilator  
  66  6:23  Probe  
  66  6:25  Gateway, Probe  
  67  6:28  Templar Archives  
  67  6:30  Pylon  
  67  6:31  Probe  
  68  6:37  Probe  
  70  6:44  Probe  
  71  6:48  Zealot  
  71  6:49  Stalker, Probe  
  76  6:55  Pylon  
  76  6:56  Probe  
  76  6:58  Probe  
  77  7:04  Forge  
  77  7:07  Forge  
  77  7:08  Probe  
  79  7:10  Stalker, Nexus  
  79  7:11  Sentry  
  83  7:18  Pylon  
  83  7:19  High Templar  
  85  7:28  Protoss Ground Weapons Level 1  
  85  7:32  Stalker  
  85  7:33  High Templar  
  85  7:34  Protoss Ground Armor Level 1  
  89  7:44  Stalker  
  89  7:45  Pylon  
  89  7:48  Archon  
  91  7:51  Gateway  
  91  7:54  Sentry  
  93  8:05  Pylon  
  93  8:06  High Templar  
  93  8:08  Stalker, Photon Cannon  
  97  8:13  Photon Cannon  
  97  8:15  Pylon  
  97  8:17  High Templar  
  99  8:23  Probe x3, Stalker  
  104  8:30  Archon  
  104  8:31  Assimilator  
  104  8:33  Pylon  
  104  8:35  Probe, Assimilator  
  104  8:36  Probe x2  
  104  8:37  Zealot  
  109  8:43  High Templar  
  109  8:47  Probe  
  112  8:48  Probe  
  112  8:50  Probe  
  112  8:51  High Templar, Photon Cannon  
  112  8:52  Photon Cannon  
  112  8:55  Stalker  
  118  8:56  Zealot  
  118  8:59  Probe  
  118  9:00  Probe  
  118  9:02  Probe  
  123  9:03  Immortal  
  127  9:11  Probe, Immortal, Pylon  
  127  9:13  Probe  
  127  9:14  Probe, Zealot  
  136  9:19  Zealot, Sentry  
  136  9:23  Probe  
  127  9:26  High Templar  
  127  9:29  Zealot  
  131  9:42  Immortal  
  131  9:45  Photon Cannon  
  127  9:47  Stalker  
  127  9:50  Pylon, Stalker  
  125  9:53  Stalker  
  127  10:01  Adept  
  127  10:03  Nexus  
  129  10:09  Stalker  
  129  10:10  Photon Cannon  
  129  10:12  Sentry  
  133  10:15  Stalker  
  133  10:18  Photon Cannon  
  129  10:32  Sentry  
  131  10:36  Zealot  
  131  10:42  Stalker  
  139  10:44  Stalker  
  141  10:50  Photon Cannon  
  141  10:52  Sentry  
Tags
 
Add a new tag
Caveats
  • Supply blocks, unpowered buildings, or Contaminate may cause inaccurate times.
  • Supply counts are checked every 10 seconds.